 Dungeon Crawl Stone Soup version 0.31.0-9-g3a7656b989 (webtiles) character file.

Game seed: 4314257637961903159

114 Amplified the Magician (level 4, -2/33 HPs)
             Began as a Mummy Alchemist on Jan 30, 2024.
             Slain by Menkaure (8 damage)
             ... on level 5 of the Dungeon.
             The game lasted 00:08:46 (2653 turns).

Amplified the Magician (Mummy Alchemist)            Turns: 2653, Time: 00:08:47

Health: -2/33      AC:  2    Str: 13    XL:     4   Next: 66%
Magic:  1/9        EV: 12    Int: 14    God:
Gold:   138        SH:  0    Dex: 12    Spells: 4/10 levels left

rFire   x . .        h - +0 war axe
rCold   + . .        (no shield)
rNeg    + + +        a - +0 robe
rPois   ∞            (no helmet)
rElec   .            (no cloak)
rCorr   .            (no gloves)
SInv    .            (no boots)
Will    .....        (no amulet)
Stlth   ++           (no ring)
HPRegen 0.25/turn    (no ring)
MPRegen 0.11/turn

%: faith
@: weakened
A: cold resistance 1, negative energy resistance 3, torment resistance 2, heat
vulnerability 1, in touch with death 1, no potions, faith
a: no special abilities


You were on level 5 of the Dungeon.
You visited 1 branch of the dungeon, and saw 5 of its levels.

You collected 138 gold pieces.

Inventory:

Hand Weapons
 f - a +0 whip
 h - a +0 war axe (weapon)
Missiles
 d - 8 poisoned darts
Armour
 a - a +0 robe (worn)
 e - a +0 ring mail
Jewellery
 b - a ring of ice
Scrolls
 c - a scroll of revelation
 g - a scroll of identify


   Skills:
 * Level 2.0 Fighting
 * Level 0.0(0.6) Axes
 - Level 1.3 Maces & Flails
 - Level 1.0 Armour
 - Level 1.5 Dodging
 - Level 1.5 Stealth
 * Level 3.9 Spellcasting
 - Level 0.7 Conjurations
 * Level 2.8 Alchemy


You had 4 spell levels left.
You knew the following spells:

 Your Spells              Type           Power      Damage    Failure   Level
a - Sting                 Conj/Alch      28%        1d4       10%         1
b - Mercury Vapours       Alch/Air       12%        N/A       17%         2
c - Mephitic Cloud        Conj/Alch/Air  6%         N/A       34%         3

Your spell library contained the following spells:

 Spells                   Type           Power      Damage    Failure   Level
 Olgreb's Toxic Radiance  Alch           10%        N/A       52%         4
 Sticky Flame             Fire/Alch      6%         2d4       73%         4


Dungeon Overview and Level Annotations

Branches:
Dungeon (5/15)
 Temple: D:4-7

Altars:

Annotations:
D:3 Grinder, Pargi
D:5 Menkaure, Sigmund


Innate Abilities, Weirdness & Mutations

You are immune to poison.
Your flesh is cold resistant. (rC+)
You are immune to negative energy. (rN+++)
You are immune to unholy pain and torment.
You are vulnerable to heat. (rF-)
You are in touch with the powers of death.
You do not drink.
You have a special connection with the divine. (Faith)


Message History

You hit Menkaure but do no damage.
Menkaure is severely damaged.
Menkaure barely misses you.
Unknown command.
Unknown command.
Unknown command.
Unknown command.
Casting: Mercury Vapours (safe; 17% risk of failure)
Confirm with . or Enter, or press ? or * to list all spells.
Aiming: Sting (safe; 10% risk of failure)
Press: ? - help, Shift-Dir - straight line, f/p - Menkaure
Aim: Menkaure (severely damaged, weak, 85% to hit)
The sting hits Menkaure.
Menkaure partially resists.
Menkaure is severely damaged.
Menkaure closely misses you.
Unknown command.
Casting: Sting (safe; 10% risk of failure)
Confirm with . or Enter, or press ? or * to list all spells.
Aiming: Sting (safe; 10% risk of failure)
Press: ? - help, Shift-Dir - straight line, f/p - Menkaure
Aim: Menkaure (severely damaged, weak, 85% to hit)
The sting hits Menkaure.
Menkaure partially resists.
Menkaure is severely damaged.
Menkaure barely misses you.
Unknown command.
Casting: Sting (safe; 10% risk of failure)
Confirm with . or Enter, or press ? or * to list all spells.
Aiming: Sting (safe; 10% risk of failure)
Press: ? - help, Shift-Dir - straight line, f/p - Menkaure
Aim: Menkaure (severely damaged, weak, 85% to hit)
The sting misses Menkaure.
Unknown command.
Casting: Sting (safe; 10% risk of failure)
Confirm with . or Enter, or press ? or * to list all spells.
Aiming: Mercury Vapours (safe; 17% risk of failure)
Press: ? - help, Dir - move target, f/p - Menkaure
Aim: Menkaure (severely damaged, weak, chance to weaken: 89%) Fumes of mercury billow around Menkaure!
Menkaure looks even weaker.
Menkaure hits you!
You die...

###################
#............@M...#
#.###############.# ##
#.........[...#.#
...#..####.###.###.#
...................#
####...###.#...#.#.####...
#...# #.#.............#
#................####.#
........#......#....


You could see Menkaure (weak).

Vanquished Creatures
  4 adders
  3 dart slugs
  2 ribbon worms (D:2)
  5 orcs
  4 bats
  5 endoplasms
  2 giant cockroaches
  5 goblins
  5 hobgoblins
  10 jackals
  3 ball pythons
  2 frilled lizards (D:1)
  5 kobolds
  A rat (D:1)
56 creatures vanquished.

Notes
Turn   | Place    | Note
-------+----------+-------------------------------------------
     0 | D:1      | Amplified the Mummy Alchemist began the quest for the Orb.
     0 | D:1      | Reached XP level 1. HP: 13/13 MP: 4/4
   172 | D:1      | Reached skill level 3 in Spellcasting
   179 | D:1      | Reached XP level 2. HP: 11/20 MP: 1/6
   385 | D:1      | Reached skill level 1 in Fighting
   614 | D:1      | Learned a level 2 spell: Mercury Vapours
   771 | D:1      | Reached skill level 1 in Armour
   830 | D:1      | Found a faded altar of an unknown god.
  1092 | D:2      | Reached XP level 3. HP: 26/26 MP: 4/7
  1290 | D:1      | Learned a level 3 spell: Mephitic Cloud
  1424 | D:3      | Noticed Pargi
  1702 | D:2      | Reached skill level 1 in Maces & Flails
  1817 | D:2      | Reached XP level 4. HP: 23/32 MP: 9/9
  2096 | D:3      | Noticed Grinder
  2503 | D:5      | Entered Level 5 of the Dungeon
  2625 | D:5      | Noticed Sigmund
  2637 | D:5      | Noticed Menkaure
  2653 | D:5      | Slain by Menkaure

Illustrated notes

Levels and vault maps discovered:
D:1:      dpeg_arrival_stonehenge_12_columns, layout_basic,
          shapermc_ecumenical_altar_gd, kennysheep_another_room,
          grunt_decor_junction
D:2:      layout_basic
D:3:      layout_basic, uniq_grinder, uniq_pargi
D:4:      layout_rooms, old_standard_altar, serial_bayou, serial_bayou_pond_b,
          serial_bayou_pond_d, serial_bayou_shore_b, serial_bayou_crossing
D:5:      layout_basic, minmay_misc_feat_x, uniq_menkaure, uniq_sigmund,
          uniq_blork_the_orc

Skill      XL: |  1  2  3  4 |
---------------+-------------+-----
Spellcasting   | 3 |  3.9
Fighting       | 1 2 |  2.0
Armour         | 1 |  1.0
Maces & Flails | 1 |  1.3
Dodging        | |  1.5
Stealth        | |  1.5
Conjurations   | |  0.7
Alchemy        | |  2.8

Action                     |  1- 3 |  4- 6 || total
---------------------------+-------+-------++-------
  Melee: Unarmed           |    36 |       ||    36
         Club              |    91 |       ||    91
         Whip              |    34 |    71 ||   105
         War axe           |       |     5 ||     5
         Punch             |       |     1 ||     1
   Cast: Sting             |    42 |    17 ||    59
         Mercury Vapours   |       |     5 ||     5
    Use: Scroll            |     5 |       ||     5
 Armour: Robe              |   119 |    92 ||   211
  Dodge: Dodged            |   148 |   124 ||   272
